 Dungeon Crawl Stone Soup version 0.24.0-1-gfbc8707122 (webtiles) character file.

Game seed: 12934693101750974666, levelgen mode: deterministic

1668 Mrkan the Chopper (level 8, -4/73 HPs)
             Began as a Deep Dwarf Fighter on Oct 26, 2019.
             Slain by an orc warrior
             ... wielding a +0 war axe
              (17 damage)
             ... on level 6 of the Dungeon.
             The game lasted 00:08:19 (3766 turns).

Mrkan the Chopper (Deep Dwarf Fighter)              Turns: 3766, Time: 00:08:21

Health: -4/73      AC: 11    Str: 21    XL:     8   Next: 69%
Magic:  5/5        EV:  8    Int:  9    God:
Gold:   206        SH: 10    Dex: 13    Spells: 7/7 levels left

rFire    . . .     SeeInvis .   a - +0 war axe
rCold    . . .     Gourm    .   c - +0 shield
rNeg     . . .     Faith    .   x - +0 chain mail
rPois    .         Spirit   .   m - +0 helmet
rElec    .         Reflect  .   C - scarf {cloud immunity}
rCorr    .         Harm     .   (no gloves)
MR       +....                  (no boots)
Stlth    ..........             (no amulet)
HPRegen  0.00/turn              (no ring)
MPRegen  0.09/turn              (no ring)

@: non-regenerating
A: damage resistance, heal wounds, sense surroundings 1, no regeneration
a: Heal Wounds


You were on level 6 of the Dungeon.
You were hungry.

You visited 1 branch of the dungeon, and saw 6 of its levels.

You collected 206 gold pieces.

Inventory:

Hand Weapons
 a - a +0 war axe (weapon)
 z - the +3 flail "Yles Darch" {drain, rPois Dex+7 Stlth-}
   (You took it off an orc on level 4 of the Dungeon)

   A truly terrible weapon, it drains the life of those it strikes.
   It affects your dexterity (+7).
   It protects you from poison.
   It makes you less stealthy.
Missiles
 o - 2 silver javelins (quivered)
Armour
 c - a +0 shield (worn)
 m - a +0 helmet (worn)
 n - a +0 cloak
 x - a +0 chain mail (worn)
 C - a scarf of cloud immunity (worn)
Jewellery
 p - an uncursed amulet of rage {unknown}
 y - an uncursed ring of stealth
 A - a cursed ring of attention {unknown}
Scrolls
 e - 3 scrolls of remove curse {unknown}
 g - 2 scrolls of enchant weapon {unknown}
 i - 3 scrolls of identify {unknown}
 j - 2 scrolls of teleportation {unknown}
 k - a scroll of fear {unknown}
 r - a scroll of magic mapping {unknown}
 u - a scroll of amnesia {unknown}
 v - 2 scrolls of fog {unknown}
Potions
 b - a potion of invisibility {unknown}
 d - 2 potions of might
 h - a potion of flight {unknown}
 l - 5 potions of cancellation {unknown}
 q - a potion of lignification {unknown}
 s - 2 potions of curing {unknown}
 t - a potion of haste {unknown}
 w - 3 potions of heal wounds {unknown}
Comestibles
 f - 9 rations
 B - 7 chunks of flesh


   Skills:
 + Level 4.8 Fighting
 * Level 7.5 Axes
 + Level 5.8 Armour
 + Level 4.6 Dodging
 + Level 5.9 Shields


You had 7 spell levels left.
You didn't know any spells.
Your spell library was empty.

Dungeon Overview and Level Annotations

Branches:
Dungeon (6/15)
 Temple: D:4-7

Altars:
Okawaru
Xom
Zin


Innate Abilities, Weirdness & Mutations

You are resistant to damage.
You can heal yourself by infusing magical energy.
You passively map a small area around you.
You do not regenerate.


Message History

The centaur is severely wounded.
You barely miss the orc warrior. The centaur closely misses you.
The orc hits you but does no damage. The centaur hits you.
* * * LOW HITPOINT WARNING * * *
The orc warrior closely misses you.
Your chain mail prevents you from hitting the centaur.
The centaur is severely wounded.
You hit the orc warrior but do no damage.
The centaur hits you but does no damage.
The orc hits you from afar with a +0 trident.
* * * LOW HITPOINT WARNING * * *
The centaur barely misses you. You block the orc warrior's attack.
You hit the centaur but do no damage.
The centaur is severely wounded.
You hit the orc warrior but do no damage.
The centaur hits you.
* * * LOW HITPOINT WARNING * * *
The orc closely misses you.
The orc warrior hits you with a +0 war axe!!
You die...

...o.....# #....
...o.....##....# * , ,
,...............# , *
#..............##
,................# , ,,,,,
*#......... .. ,
#####†....###....#
.##...o.#....#..#..# ,
#..#.@o)..(......#..#
#......c....(.##.....
#...(...............#, *
,, , ##............(.(..##
...............(....# ,
....................#...
...............#.........
**,,,
*............####.........
....##....#.# ##########


You could see an orc warrior, a centaur and an orc.

Vanquished Creatures
  Sigmund (D:2)
  Eustachio (D:5)
  Edmund (D:6)
  3 ogres
  A centaur (D:5)
  A big kobold (D:6)
  A wyvern skeleton (D:6)
  2 scorpions
  2 crimson imps
  2 jellies
  2 hounds
  2 orc priests
  A bullfrog skeleton (D:6)
  Jessica (D:2)
  Terence (D:2)
  2 orc wizards (D:5)
  4 worker ants
  Robin (D:2)
  A howler monkey skeleton (D:4)
  7 adders
  A shadow imp (D:6)
  2 adder skeletons
  3 worms (D:3)
  3 dart slugs
  3 leopard geckos
  16 orcs
  A ball python (D:3)
  7 giant cockroaches
  16 goblins
  8 hobgoblins
  12 jackals
  13 kobolds
  3 quokkas
  4 bats
  7 frilled lizards
  11 rats
147 creatures vanquished.

Notes
Turn   | Place    | Note
-------+----------+-------------------------------------------
     0 | D:1      | Mrkan the Deep Dwarf Fighter began the quest for the Orb.
     0 | D:1      | Reached XP level 1. HP: 20/20 MP: 1/1
   201 | D:1      | Reached XP level 2. HP: 25/27 MP: 2/2
   864 | D:2      | Noticed Jessica
   877 | D:2      | Killed Jessica
   877 | D:2      | Reached skill level 3 in Axes
   877 | D:2      | Reached skill level 1 in Dodging
   877 | D:2      | Reached XP level 3. HP: 19/34 MP: 3/3
  1127 | D:2      | Noticed Robin
  1129 | D:2      | Reached XP level 4. HP: 41/42 MP: 4/4
  1135 | D:2      | Killed Robin
  1159 | D:2      | Noticed Terence
  1184 | D:2      | Killed Terence
  1409 | D:2      | Noticed Sigmund
  1443 | D:2      | Killed Sigmund
  1443 | D:2      | Reached skill level 4 in Axes
  1443 | D:2      | Reached XP level 5. HP: 24/49 MP: 5/5
  1443 | D:2      | Reached XP level 6. HP: 27/56 MP: 6/6
  2056 | D:3      | Found a glowing silver altar of Zin.
  2731 | D:4      | Identified the +3 flail "Yles Darch" {drain, rPois Dex+7
                  | Stlth-}
  2766 | D:4      | Reached skill level 5 in Axes
  2908 | D:4      | Reached XP level 7. HP: 34/63 MP: 6/6
  2947 | D:4      | Found an iron altar of Okawaru.
  3115 | D:5      | Entered Level 5 of the Dungeon
  3132 | D:5      | Found a shimmering altar of Xom.
  3147 | D:5      | Noticed Eustachio
  3171 | D:5      | Killed Eustachio
  3171 | D:5      | Reached skill level 5 in Armour
  3171 | D:5      | Reached skill level 5 in Shields
  3182 | D:5      | Reached skill level 6 in Axes
  3433 | D:5      | Reached XP level 8. HP: 32/73 MP: 6/6
  3609 | D:6      | Reached skill level 7 in Axes
  3693 | D:6      | Noticed Edmund
  3714 | D:6      | Killed Edmund
  3766 | D:6      | Slain by an orc warrior

Levels and vault maps discovered:
D:1:      saegor_arrival_under_anarchy, layout_basic, serial_forest,
          infiniplex_forest_lined_1, infiniplex_forest_clump_cross,
          infiniplex_forest_clump_large, infiniplex_forest_clump_small,
          infiniplex_forest_lined_corner, infiniplex_forest_end_1,
          infiniplex_forest_clump_medium, infiniplex_forest_end_1,
          infiniplex_forest_lined_3_way
D:2:      layout_basic, uniq_jessica, uniq_sigmund, uniq_terence, uniq_robin
D:3:      layout_rooms, zin_academy
D:4:      layout_basic, first_ration, hex_large, okawaru_ov_weapons_minmay
D:5:      layout_rooms, basic_altar, uniq_eustachio
D:6:      gammafunk_cloud_chamber, layout_cave_pools, minmay_ruined_shrine,
          uniq_crazy_yiuf_cottage, uniq_edmund

Skill      XL: |  1  2  3  4  5  6  7  8 |
---------------+-------------------------+-----
Fighting       | 3 4 |  4.8
Axes           | 3 4 5 6 7 |  7.5
Dodging        | 1 2 3 4 |  4.6
Armour         | 4 5 |  5.8
Shields        | 4 5 |  5.9

Action                   |  1- 3 |  4- 6 |  7- 9 || total
-------------------------+-------+-------+-------++-------
Melee: War axe           |   122 |   245 |   188 ||   555
 Abil: Heal Wounds       |     1 |     2 |     6 ||     9
  Eat: Chunk             |     1 |     6 |     3 ||    10
Armor: Scale mail        |    40 |    87 |       ||   127
       Chain mail        |       |    25 |    93 ||   118
Dodge: Dodged            |    33 |    80 |    78 ||   191
Block: Shield            |    73 |   151 |   121 ||   345
